 Dungeon Crawl Stone Soup version 0.29-a0-330-g52719c12eb (webtiles) character file.

Game seed: 7248701908642740992

35 kae the Firebug (level 3, -11/20 HPs)
             Began as a Tengu Fire Elementalist on Apr 14, 2022.
             Mangled by Sigmund
             ... wielding a +0 scythe
              (13 damage)
             ... on level 2 of the Dungeon.
             The game lasted 00:01:01 (1867 turns).

kae the Firebug (Tengu Fire Elementalist)           Turns: 1867, Time: 00:01:01

Health: -11/20     AC:  2    Str:  8    XL:     3   Next: 33%
Magic:  6/7        EV: 12    Int: 17    God:
Gold:   152        SH:  0    Dex: 14    Spells: 3/6 levels left

rFire   . . .      SeeInvis .   f - +1 dagger (flame)
rCold   . . .      Faith    .   (no shield)
rNeg    . . .      Spirit   .   a - +0 robe
rPois   .          Reflect  .   (helmet restricted)
rElec   .          Harm     .   (no cloak)
rCorr   .          Rampage  .   (no gloves)
Will    .....                   (boots unavailable)
Stlth   +.........              (no amulet)
HPRegen 0.06/turn               (no ring)
MPRegen 0.10/turn               (no ring)

@: confused
A: beak, talons 3
a: no special abilities


You were on level 2 of the Dungeon.
You visited 1 branch of the dungeon, and saw 2 of its levels.

You collected 152 gold pieces.

Inventory:

Hand Weapons
 d - a +0 club
 f - a +1 dagger of flaming (weapon)
Armour
 a - a +0 robe (worn)
Scrolls
 i - a scroll of fear {unknown}
 j - a scroll of blinking {unknown}
Potions
 b - a potion of magic
 g - a potion of attraction {unknown}
 h - a potion of haste {unknown}


   Skills:
 + Level 0.7 Fighting
 + Level 2.5 Dodging
 - Level 2.0 Stealth
 + Level 2.3 Spellcasting
 + Level 2.0 Conjurations
 * Level 3.9 Fire Magic


You had 3 spell levels left.
You knew the following spells:

 Your Spells              Type           Power      Damage    Failure   Level
a - Foxfire               Conj/Fire      48%        2x1d6     5%          1
b - Scorch                Fire           30%        2d7       5%          2

Your spell library contained the following spells:

 Spells                   Type           Power      Damage    Failure   Level
 Conjure Flame            Conj/Fire      12%        6-21      17%         3
 Inner Flame              Hex/Fire       8%         N/A       26%         3
 Sublimation of Blood     Necr           1%         N/A       28%         2
 Call Canine Familiar     Summ           1%         N/A       50%         3
 Portal Projectile        Hex/Tloc       2%         N/A       50%         3
 Flame Wave               Conj/Fire      12%        2d6       50%         4
 Leda's Liquefaction      Hex/Erth       0%         N/A       88%         4
 Petrify                  Tmut/Erth      1%         N/A       88%         4
 Irradiate                Conj/Tmut      2%         3d14      98%         5


Dungeon Overview and Level Annotations

Branches:
Dungeon (2/15)

Altars:

Annotations:
D:2 Sigmund


Innate Abilities, Weirdness & Mutations

You have a beak for a mouth.
You have claws for feet.


Message History

You resist with significant effort.
Casting: Foxfire (safe; 5% risk of failure)
Confirm with . or Enter, or press ? or * to list all spells.
You conjure some foxfire!
Sigmund casts a spell at you. The puff of flame hits you!
The foxfire hits Sigmund.
Sigmund is lightly wounded.
The foxfire hits Sigmund but does no damage.
Sigmund is lightly wounded.
Sigmund mumbles some strange words.
Sigmund flickers and vanishes!
Deactivating autopickup; reactivate with Ctrl-A.
There is an open door here.
You see here 21 stones.
There is an escape hatch in the ceiling here.
There is a stone staircase leading up here.
Casting: Foxfire (safe; 5% risk of failure)
Confirm with . or Enter, or press ? or * to list all spells.
You conjure some foxfire!
The foxfire hits the goblin.
The goblin is severely wounded.
The foxfire hits the goblin.
You kill the goblin!
You start resting.
You hear some strange, mumbled words.
Something tries to affect you, but you resist.
You hear some strange, mumbled words.
You are confused.
In your confused state, you trip and fall back down the stairs.
A magic dart appears from out of thin air!
The magic dart hits you.
There is a strange disturbance nearby!
In your confused state, you trip and fall back down the stairs.
* * * LOW HITPOINT WARNING * * *
Something hits you.
* * * LOW HITPOINT WARNING * * *
Something hits you!
Ouch! That really hurt!
You die...

#........######..####.########
#................# #.......#
#........#######.## #.......#
#.........(.g.....# #.......#
#####'###.######..# #.......#
#.# #.#....)..# #.......# #.#
#.#.).<...###.......## #g#
#.#................... #.#
#.#..@..#.###.########
#####.###'##....#.# #.#
#......†........#.# #g#
#..............##.# #.#
#.................. #g#
#...........##..... #.#
#.....†.....##..... #l#
#...........# .... #.#
#...........# #.#


There were no monsters in sight!

Vanquished Creatures
  An adder (D:1)
  A dart slug (D:1)
  2 bats
  An endoplasm (D:2)
  5 goblins
  3 hobgoblins
  A quokka (D:1)
  3 ball pythons
  A frilled lizard (D:2)
  4 kobolds
  A rat (D:2)
23 creatures vanquished.

Vanquished Creatures (others)
  68 foxfires
68 creatures vanquished.

Grand Total: 91 creatures vanquished

Notes
Turn   | Place    | Note
-------+----------+-------------------------------------------
     0 | D:1      | kae the Tengu Fire Elementalist began the quest for the
                  | Orb.
     0 | D:1      | Reached XP level 1. HP: 10/10 MP: 4/4
   265 | D:1      | Reached XP level 2. HP: 15/15 MP: 4/6
   390 | D:1      | Learned a level 2 spell: Scorch
  1045 | D:2      | Noticed Sigmund
  1557 | D:1      | Reached XP level 3. HP: 6/20 MP: 5/7
  1867 | D:2      | Mangled by Sigmund

Illustrated notes

Levels and vault maps discovered:
D:1:      ebering_hopf_link, layout_basic, grunt_decor_mini_mirrors
D:2:      layout_basic, chequers_ecumenical_altar_island, minmay_pentomino_x2,
          uniq_sigmund

Skill      XL: |  1  2 |
---------------+-------+-----
Conjurations   | 2 |  2.0
Fighting       | |  0.7
Dodging        | |  2.5
Stealth        | |  2.0
Spellcasting   | |  2.3
Fire Magic     | |  3.9

Action                   || total
-------------------------++-------
Melee: Club              ||     3
       Kick              ||     3
       Unarmed           ||     1
       Dagger            ||     6
       Peck              ||     1
 Cast: Foxfire           ||    44
  Use: Scroll            ||     2
       Potion            ||     2
Armor: Robe              ||     2
Dodge: Dodged            ||    19

Table legend: (Time is in decaauts)
 A = Elapsed time spent in this place.
 B = Non-inter-level travel time spent in this place.
 C = Inter-level travel time spent in this place.
 D = Time resting spent in this place.
 E = Time spent auto-exploring this place.
 F = Levels seen in this place.
 G = Mean time per level.
                   A        B        C        D        E       F      G
               +--------+--------+--------+--------+--------+-----+--------+
         Total |   1869 |   1792 |     77 |      6 |   1548 |   2 |  934.5 |
       Dungeon |   1869 |   1792 |     77 |      6 |   1548 |   2 |  934.5 |
               +--------+--------+--------+--------+--------+-----+--------+

Top non-repeatable levels by time:
     D:1: 1329 daAuts
     D:2: 540 daAuts
